 Dungeon Crawl Stone Soup version 0.28.0-47-ge53b351184 (webtiles) character file.

Game seed: 8879564738842311570

91 Peloso the Covered (level 4, -2/41 HPs)
             Began as a Minotaur Fighter on May 1, 2022.
             Killed from afar by Sigmund (4 damage)
             ... with a magic dart
             ... on level 2 of the Dungeon.
             The game lasted 00:01:51 (1415 turns).

Peloso the Covered (Minotaur Fighter)               Turns: 1415, Time: 00:01:53

Health: -2/41      AC: 12    Str: 21    XL:     4   Next: 33%
Magic:  3/3        EV:  5    Int:  5    God:
Gold:   28         SH:  4    Dex: 11    Spells: 3/3 levels left

rFire   . . .      SeeInvis .   a - +0 long sword
rCold   . . .      Faith    .   c - +0 buckler
rNeg    . . .      Spirit   .   h - +0 plate armour
rPois   .          Reflect  .   (helmet restricted)
rElec   .          Harm     .   (no cloak)
rCorr   .          Rampage  .   (no gloves)
Will    .....                   (no boots)
Stlth   ..........              (no amulet)
HPRegen 0.13/turn               (no ring)
MPRegen 0.08/turn               (no ring)

@: lethally poisoned (-2 -> -4)
A: horns 2, retaliatory headbutt
a: no special abilities


You were on level 2 of the Dungeon.
You visited 1 branch of the dungeon, and saw 2 of its levels.

You collected 28 gold pieces.

Inventory:

Hand Weapons
 a - a +0 long sword (weapon)
Armour
 b - a +0 scale mail
 c - a +0 buckler (worn)
 h - a +0 plate armour (worn)
Jewellery
 i - an amulet of faith
Scrolls
 e - a scroll of blinking {unknown}
 g - 2 scrolls of identify {unknown}
 j - 2 scrolls of enchant armour {unknown}
Potions
 d - a potion of might


   Skills:
 + Level 4.4 Fighting
 + Level 3.4 Long Blades
 + Level 4.6 Armour
 + Level 4.1 Shields


You had 3 spell levels left.
You didn't know any spells.
Your spell library contained the following spells:

 Spells                   Type           Power      Damage    Failure   Level
 Animate Skeleton         Necr           0%         N/A       100%        1
 Freeze                   Ice            0%         1d3       100%        1
 Pain                     Necr           0%         1d4       100%        1
 Frozen Ramparts          Ice            0%         1d2       100%        3
 Vampiric Draining        Necr           0%         2d6       100%        3
 Hailstorm                Conj/Ice       0%         3d3       100%        4


Dungeon Overview and Level Annotations

Branches:
Dungeon (2/15)

Altars:

Annotations:
D:2 Sigmund


Innate Abilities, Weirdness & Mutations

You have a pair of horns on your head.
You reflexively headbutt those who attack you in melee.


Message History

The adder bites you but does no damage.
You closely miss the adder. Your headbutt misses the adder.
The adder is moderately wounded.
You block the adder's attack. Sigmund gestures at you while chanting.
The puff of flame hits you but does no damage.
The adder bites you but does no damage.
You hit the adder.
The adder is severely wounded.
The adder bites you but does no damage.
Sigmund points at you and mumbles some strange words.
The puff of flame misses you. You block the adder's attack.
You hit the adder.
The adder is almost dead.
You block the adder's attack.
Sigmund says, "Look into my eyes."
You block Sigmund's attack.
You barely miss the adder. Your headbutt misses the adder.
The adder is almost dead.
The adder bites you. x2
You are poisoned.
The adder poisons you!
Sigmund zaps a wand.
The puff of flame hits you but does no damage.
You feel sick. The adder bites you. Sigmund barely misses you.
You closely miss Sigmund. Your headbutt misses Sigmund.
You feel sick. The adder bites you. x2
You are more poisoned.
The adder poisons you! Sigmund hits you with a +0 scythe!
* * * LOW HITPOINT WARNING * * *
You barely miss Sigmund.
You feel sick. The adder bites you but does no damage. The adder bites you.
* * * LOW HITPOINT WARNING * * *
You hit Sigmund.
Sigmund is lightly wounded.
* * * LOW HITPOINT WARNING * * *
You feel sick.
Sigmund laughs darkly.
Sigmund points at you and mumbles some strange words.
The magic dart hits you.
You die...

............##
.............# ######
############.###....#
###### #...........#
.....# #...........#
####.# #....†......#
####.########.##....##.#
..............†..S......
####.########..#@...##.#
#.# ##.#@...# ##.######
#......# #.......#
##.##### #.......# #.#
#.......# #.# #.......#
#.. #.......# ##
#.......#


You could see Sigmund and an adder.

Vanquished Creatures
  4 adders (D:2)
  A gnoll (D:1)
  A dart slug (D:1)
  2 endoplasms
  5 giant cockroaches
  3 goblins
  5 hobgoblins (D:1)
  3 jackals (D:1)
  2 quokkas (D:1)
  3 ball pythons (D:1)
  6 bats
  A frilled lizard (D:1)
  3 kobolds
  5 rats
44 creatures vanquished.

Notes
Turn   | Place    | Note
-------+----------+-------------------------------------------
     0 | D:1      | Peloso the Minotaur Fighter began the quest for the Orb.
     0 | D:1      | Reached XP level 1. HP: 19/19 MP: 0/0
   267 | D:1      | Reached XP level 2. HP: 26/27 MP: 1/1
   486 | D:1      | Reached XP level 3. HP: 33/33 MP: 2/2
   635 | D:1      | Found a faded altar of an unknown god.
  1321 | D:2      | Reached XP level 4. HP: 41/41 MP: 3/3
  1404 | D:2      | Noticed Sigmund
  1415 | D:2      | HP: 2/41 [poisoned by an adder]
  1415 | D:2      | Killed from afar by Sigmund

Illustrated notes

Levels and vault maps discovered:
D:1:      shiori_arrival_elements, layout_loops_ring,
          chequers_ecumenical_altar_simple, minmay_worlds_worst_comb
D:2:      layout_basic, serial_shops, shop, uniq_sigmund

Skill      XL: |  1  2  3 |
---------------+----------+-----
Fighting       | 4 |  4.4
Armour         | 4 |  4.6
Shields        | 4 |  4.1
Long Blades    | 3 |  3.4

Action                   |  1- 3 |  4- 6 || total
-------------------------+-------+-------++-------
Melee: Long sword        |    69 |    21 ||    90
       Headbutt          |     8 |     3 ||    11
  Use: Potion            |     2 |       ||     2
Armor: Scale mail        |    30 |       ||    30
       Plate armour      |    13 |    22 ||    35
Dodge: Dodged            |    37 |     7 ||    44
Block: Buckler           |    12 |    11 ||    23
